 Dungeon Crawl Stone Soup version 0.31-a0-271-gb88eb75 (webtiles) character file.

Game seed: 15118544247195194313

1264 Dawnplanks the Skirmisher (level 8, -1/42 HPs)
             Began as a Spriggan Hunter on July 14, 2023.
             Engulfed by a steam dragon's steam (4 damage)
             ... on level 6 of the Dungeon.
             The game lasted 00:12:58 (5274 turns).

Dawnplanks the Skirmisher (Spriggan Hunter)         Turns: 5274, Time: 00:12:59

Health: -1/42      AC:  3    Str:  7    XL:     8   Next: 27%
Magic:  9/9        EV: 18    Int: 11    God:
Gold:   200        SH:  0    Dex: 20    Spells: 7/7 levels left

rFire   . . .        a - +0 shortbow
rCold   . . .        (shield currently unavailable)
rNeg    . . .        c - +0 robe
rPois   .            (helmet restricted)
rElec   .            s - +0 cloak
rCorr   .            (gloves unavailable)
SInv    +            (boots unavailable)
Will    +....        e - amulet of magic regeneration
Stlth   ++           (no ring)
HPRegen 0.27/turn    (no ring)
MPRegen 0.51/turn

%: no passive effects
@: very quick
A: very small, no large weapons, unfitting armour, see invisible, speed 3
a: no special abilities


You were on level 6 of the Dungeon.
You visited 2 branches of the dungeon, and saw 7 of its levels.

You collected 200 gold pieces.

Inventory:

Hand Weapons
 a - a +0 shortbow (weapon)
Armour
 c - a +0 robe (worn)
 s - a +0 cloak (worn)
Jewellery
 e - an amulet of magic regeneration (around neck)
Talismans
 l - a talisman of death
Wands
 p - a wand of light (9)
Scrolls
 b - a scroll of butterflies
 d - 7 scrolls of identify {unknown}
 f - 2 scrolls of fear {unknown}
 g - a scroll of silence {unknown}
 h - 2 scrolls of noise {unknown}
 j - 2 scrolls of enchant armour {unknown}
 k - 3 scrolls of teleportation {unknown}
 o - a scroll of poison {unknown}
 t - a scroll of vulnerability {unknown}
Potions
 i - 2 potions of haste {unknown}
 m - a potion of might {unknown}
 n - a potion of degeneration {unknown}
 q - a potion of brilliance {unknown}
 r - 2 potions of heal wounds {unknown}


   Skills:
 + Level 4.2 Fighting
 + Level 9.5 Ranged Weapons
 + Level 3.5 Dodging
 + Level 2.2 Stealth


You had 7 spell levels left.
You didn't know any spells.
Your spell library contained the following spells:

 Spells                   Type           Power      Damage    Failure   Level
 Sublimation of Blood     Necr           0%         N/A       47%         2
 Wereblood                Tmut           0%         N/A       47%         2
 Dazzling Flash           Conj/Hex       0%         N/A       71%         3
 Volatile Blastmotes      Fire/Tloc      0%         2d10      71%         3
 Starburst                Conj/Fire      0%         6d3       100%        6
 Summon Hydra             Summ           0%         N/A       100%        7
 Maxwell's Capacitive Co  Air            0%         ∞         100%        8


Dungeon Overview and Level Annotations

Branches:
Dungeon (6/15)             Temple (1/1) D:4

Altars:
Ashenzari
Cheibriados
Dithmenos
Elyvilon
Fedhas
Hepliaklqana
Kikubaaqudgha
Makhleb
Nemelex Xobeh
Qazlal
Ru
Sif Muna
Uskayaw
Vehumet
Wu Jian
Yredelemnul
Zin
The Shining One


Innate Abilities, Weirdness & Mutations

You are very small and have problems with some larger weapons.
You are too small for most types of armour.
You have supernaturally acute eyesight. (SInv)
You cover ground extremely quickly. (Speed+++)


Message History

The white imp dies!
The ball of steam misses you.
Fire: a) +0 shortbow
Press: ? - help, Q - select action, (/) - cycle Shift-Dir - straight line, f/p - steam dragon
Aim: a steam dragon (moderately wounded, 68% to hit)
You shoot an arrow.
The arrow barely misses the steam dragon.
Fire: a) +0 shortbow
Press: ? - help, Q - select action, (/) - cycle Shift-Dir - straight line, f/p - steam dragon
Aim: a steam dragon (moderately wounded, 68% to hit)
You shoot an arrow.
The arrow barely misses the steam dragon.
Fire: a) +0 shortbow
Press: ? - help, Q - select action, (/) - cycle Shift-Dir - straight line, f/p - steam dragon
Aim: a steam dragon (moderately wounded, 68% to hit)
You shoot an arrow.
The arrow closely misses the steam dragon.
The steam dragon breathes steam at you. The ball of steam misses you.
Fire: a) +0 shortbow
Press: ? - help, Q - select action, (/) - cycle Shift-Dir - straight line, f/p - steam dragon
Aim: a steam dragon (moderately wounded, 68% to hit)
You shoot an arrow.
The arrow barely misses the steam dragon.
Fire: a) +0 shortbow
Press: ? - help, Q - select action, (/) - cycle Shift-Dir - straight line, f/p - steam dragon
Aim: a steam dragon (moderately wounded, 68% to hit)
You shoot an arrow.
The arrow barely misses the steam dragon.
Fire: a) +0 shortbow
Press: ? - help, Q - select action, (/) - cycle Shift-Dir - straight line, f/p - steam dragon
Aim: a steam dragon (moderately wounded, 68% to hit)
You shoot an arrow.
The arrow hits the steam dragon but does no damage.
The steam dragon is moderately wounded.
The steam dragon breathes steam at you. The ball of steam hits you!!
* * * LOW HITPOINT WARNING * * *
You are engulfed in a cloud of scalding steam.
You die...

# ## .#########
.D§§§)>..#########
######§#.#...D§§§#
....##D#.#§#####§#
###.##.#.#§# #@#
#.#.§#.#.# #.#
#....§.#.# #.#
##....§§#D# #.#
......§§..# #.#
.....##§### #.#
#..(..#§§. ..#
.#.. #..## ### #.#
#..#


There were no monsters in sight!

Vanquished Creatures
  Grinder (D:5)
  Eustachio (D:5)
  Menkaure (D:5)
  3 scorpions
  2 hounds
  A jelly (D:6)
  3 gnoll boudas
  Crazy Yiuf (D:5)
  A sleepcap (D:6)
  Jessica (D:3)
  3 iguanas
  19 gnolls
  3 adders
  A dart slug (D:1)
  3 orcs (D:5)
  6 endoplasms
  2 giant cockroaches
  3 goblins
  6 hobgoblins
  6 jackals
  12 ball pythons
  5 bats
  A frilled lizard (D:1)
  16 kobolds
  8 rats
109 creatures vanquished.

Vanquished Creatures (others)
  A white imp (D:6)
1 creature vanquished.

Grand Total: 110 creatures vanquished

Notes
Turn   | Place    | Note
-------+----------+-------------------------------------------
     0 | D:1      | Dawnplanks the Spriggan Hunter began the quest for the Orb.
     0 | D:1      | Reached XP level 1. HP: 10/10 MP: 2/2
   221 | D:1      | Reached XP level 2. HP: 15/15 MP: 3/3
   725 | D:1      | Reached XP level 3. HP: 18/18 MP: 4/4
  1037 | D:1      | Reached skill level 5 in Ranged Weapons
  1523 | D:2      | Found a hide-covered altar of Uskayaw.
  1944 | D:3      | Noticed Jessica
  1946 | D:3      | Killed Jessica
  1947 | D:3      | Reached XP level 4. HP: 23/23 MP: 5/5
  2684 | D:4      | Noticed a scorpion
  2751 | D:4      | Found an ancient bone altar of Kikubaaqudgha.
  2936 | D:4      | Found a staircase to the Ecumenical Temple.
  2959 | D:4      | Reached XP level 5. HP: 27/27 MP: 6/6
  2991 | Temple   | Entered the Ecumenical Temple
  3464 | D:4      | Reached skill level 6 in Ranged Weapons
  3563 | D:5      | Entered Level 5 of the Dungeon
  3596 | D:5      | Found a runed translucent door.
  3597 | D:5      | Noticed Crazy Yiuf
  3685 | D:5      | Reached XP level 6. HP: 30/32 MP: 7/7
  3706 | D:5      | Noticed Eustachio
  3738 | D:5      | Killed Eustachio
  3739 | D:5      | Reached skill level 7 in Ranged Weapons
  3916 | D:5      | Reached XP level 7. HP: 36/36 MP: 8/8
  4204 | D:5      | Reached skill level 8 in Ranged Weapons
  4214 | D:5      | Noticed Grinder
  4227 | D:5      | Killed Grinder
  4541 | D:5      | Noticed Menkaure
  4546 | D:5      | Killed Menkaure
  4547 | D:5      | Reached skill level 9 in Ranged Weapons
  4547 | D:5      | Reached XP level 8. HP: 23/42 MP: 9/9
  4757 | D:5      | Killed Crazy Yiuf
  5274 | D:6      | Engulfed by a steam dragon's steam

Illustrated notes

Levels and vault maps discovered:
D:1:      shiori_shiawase, layout_basic, lexackson_kobold_supper
D:2:      layout_loops_ring, basic_altar, grunt_ministairs_2,
          nicolae_elevator_lobby_plus
D:3:      layout_loops_ring, serial_aquarium, aquarium_bridge_square
          [aquarium_subvault_bridge, aquarium_subvault_bridge,
          aquarium_subvault_wall, aquarium_subvault_wall],
          aquarium_bridge_straight [aquarium_subvault_bridge,
          aquarium_subvault_balcony, aquarium_subvault_bridge,
          aquarium_subvault_balcony], aquarium_window_1, aquarium_window_fake,
          aquarium_view_2c, aquarium_view_2d, aquarium_balcony_1b,
          serial_park_tiny_1, serial_park_tiny_2, uniq_jessica
D:4:      layout_basic, kennysheep_mini, minmay_temple_entry_crystal_x
D:5:      layout_gridville, uniq_eustachio, uniq_menkaure, uniq_grinder,
          uniq_crazy_yiuf_cottage
D:6:      cheibrodos_thug_alley, layout_basic, chequers_serial_rivers_room_b
Temple:   regret_index_temple_sphere_string

Skill      XL: |  1  2  3  4  5  6  7  8 |
---------------+-------------------------+-----
Ranged Weapons | 5 6 7 9 |  9.5
Fighting       | 2 3 4 |  4.2
Stealth        | 2 |  2.2
Dodging        | 3 |  3.5

Action                     |  1- 3 |  4- 6 |  7- 9 || total
---------------------------+-------+-------+-------++-------
   Fire: Shortbow          |   121 |   126 |   194 ||   441
 Armour: Robe              |     5 |     1 |     4 ||    10
  Dodge: Dodged            |    30 |    27 |    42 ||    99
         Form:             |       |     1 |       ||     1
         Death             |       |     1 |       ||     1

Table legend: (Time is in decaauts)
 A = Elapsed time spent in this place.
 B = Non-inter-level travel time spent in this place.
 C = Inter-level travel time spent in this place.
 D = Time resting spent in this place.
 E = Time spent auto-exploring this place.
 F = Levels seen in this place.
 G = Mean time per level.
                   A        B        C        D        E       F      G
               +--------+--------+--------+--------+--------+-----+--------+
         Total |   3556 |   3254 |    302 |     43 |   2365 |   7 |  508.0 |
       Dungeon |   3420 |   3179 |    241 |     43 |   2299 |   6 |  570.0 |
        Temple |    135 |     74 |     61 |      0 |     66 |   1 |  135.0 |
               +--------+--------+--------+--------+--------+-----+--------+

Top non-repeatable levels by time:
     D:5: 1036 daAuts
     D:1: 831 daAuts
     D:3: 489 daAuts
     D:4: 470 daAuts
     D:2: 366 daAuts
     D:6: 227 daAuts
  Temple: 135 daAuts
